 Dungeon Crawl Stone Soup version 0.24-b1 (webtiles) character file.

Game seed: 10352053766765247252, levelgen mode: deterministic

9701 Mattoad the Cleaver (level 11, -1/97 HPs)
             Began as a Hill Orc Fighter on Oct 12, 2019.
             Was a Believer of Trog.
             Slain by a spriggan rider
             ... wielding a +0 war axe
              (10 damage)
             ... on level 10 of the Dungeon.
             The game lasted 00:43:54 (12672 turns).

Mattoad the Cleaver (Hill Orc Fighter)             Turns: 12672, Time: 00:43:55

Health: -1/97      AC: 13    Str: 23    XL:     11   Next: 50%
Magic:  11/11      EV: 11    Int: 12    God:    Trog [**....]
Gold:   367        SH:  6    Dex: 10    Spells: 10/10 levels left

rFire    + . .     SeeInvis .   d - +1 broad axe (freeze)
rCold    . . .     Gourm    .   E - +0 buckler {AC+3}
rNeg     + . .     Faith    .   i - +1 troll leather armour
rPois    .         Spirit   .   (no helmet)
rElec    .         Reflect  .   m - +0 cloak
rCorr    .         Harm     .   z - +1 pair of gloves
MR       .....                  (no boots)
Stlth    ..........             (no amulet)
HPRegen  0.66/turn              u - ring of Kuenucro {+Blink rF+ rN+ Int+4 Stlth-}
MPRegen  0.12/turn              (no ring)

@: no status effects
A: no striking features
a: Berserk, Trog's Hand, Renounce Religion, Evoke Blink


You were on level 10 of the Dungeon.
You worshipped Trog.
Trog was pleased with you.
You were full.

You visited 2 branches of the dungeon, and saw 11 of its levels.

You collected 483 gold pieces.
You spent 116 gold pieces at shops.

Inventory:

Hand Weapons
 a - a +2 war axe
 b - the +9 trident of Qepn {antimagic, rC+}
   (You took it off a spriggan on level 10 of the Dungeon)

   It reduces the magical energy of the wielder, and disrupts the spells and
   magical abilities of those hit.
   Natural abilities and divine invocations are not affected.
   It protects you from cold.
 d - a +1 broad axe of freezing (weapon)
 C - a +0 club
 D - a +3 war axe
Armour
 c - a +1 shield
 i - a +1 troll leather armour (worn)
 m - a +0 cloak (worn)
 z - a +1 pair of gloves (worn)
 E - a +0 buckler of protection (worn)
Jewellery
 j - a +5 amulet of reflection {unknown}
 u - the ring of Kuenucro (left hand) {+Blink rF+ rN+ Int+4 Stlth-}
   (You found it on level 5 of the Dungeon)

   [ring of positive energy]

   It affects your intelligence (+4).
   It protects you from fire.
   It protects you from negative energy.
   It lets you blink.
   It makes you less stealthy.
Wands
 e - a wand of enslavement (5)
 n - a wand of digging (4)
 r - a wand of disintegration (2)
 s - a wand of flame (10)
 t - a wand of iceblast (9)
Scrolls
 h - 3 scrolls of fog
 k - 2 scrolls of fear {unknown}
 l - 5 scrolls of remove curse
 v - 5 scrolls of immolation
 y - 4 scrolls of amnesia {unknown}
 A - a scroll of torment {unknown}
 H - a scroll of noise {unknown}
Potions
 o - 2 potions of mutation {unknown}
 p - a potion of agility {unknown}
 q - 2 potions of ambrosia {unknown}
 w - 2 potions of degeneration {unknown}
 x - 2 potions of heal wounds {unknown}
 B - 2 potions of flight {unknown}
 G - a potion of might
Comestibles
 f - 9 rations


   Skills:
 + Level 9.6 Fighting
 + Level 14.5 Axes
 + Level 9.3 Armour
 - Level 0.3 Dodging
 + Level 9.2 Shields
 - Level 1.0 Evocations


You had 10 spell levels left.
You didn't know any spells.
Your spell library contained the following spells:

 Spells                   Type           Power        Failure   Level  Hunger
 Confusing Touch          Hex            #.....       36%         1    ##.....
 Corona                   Hex            #......      36%         1    ##.....
 Ensorcelled Hibernation  Hex/Ice        #.....       50%         2    ###....
 Confuse                  Hex            #.......     73%         3    ####...
 Dazzling Spray           Conj/Hex       #.....       73%         3    ####...
 Gell's Gravitas          Tloc           #.........   73%         3    ####...
 Tukima's Dance           Hex            #.......     73%         3    ####...
 Petrify                  Tmut/Erth      #.......     98%         4    #####..
 Metabolic Englaciation   Hex/Ice        #.........   100%        5    ######.
 Yara's Violent Unravell  Hex/Tmut       #.........   100%        5    ######.


Dungeon Overview and Level Annotations

Branches:
Dungeon (10/15)            Temple (1/1) D:5            Lair (0/6) D:8
    Orc (0/2) D:10

Altars:
Ashenzari
Cheibriados
Dithmenos
Elyvilon
Fedhas
Gozag
Hepliaklqana
Kikubaaqudgha
Makhleb
Nemelex Xobeh
Okawaru
Qazlal
Ru
Sif Muna
Trog
Uskayaw
Vehumet
Wu Jian
Xom
Yredelemnul
Zin
The Shining One
Beogh

Shops:
D:6 *   D:7 (


Message History

You feel sick.
You feel the effects of Trog's Hand fading.
The spriggan rider misses you.
You feel sick.
Your skin stops crawling.
You feel less resistant to hostile enchantments.
The spriggan rider barely misses you.
You feel sick.
You are no longer poisoned.
You enter the shallow water.
Moving in this stuff is going to be slow.
The spriggan rider hits you with a +0 war axe!
* * * LOW HITPOINT WARNING * * *
The spriggan rider hits you with a +0 war axe.
* * * LOW HITPOINT WARNING * * *
The spriggan rider hits you with a +0 war axe!
* * * LOW HITPOINT WARNING * * *
There is a stone staircase leading up, spattered with blood here.
The spriggan rider hits you with a +0 war axe!
You die...

#.....# #.............
#.....#### ####.##.####..
#........# #.##.# #..
#.....##.# #.##.# #.#
##.....##.#### #.##.# #..
.........♣....# #.##.# #..
#.#.##.#♣♣≈≈.#.# #.##.# ##.
# #.
#.#≈≈≈≈≈#.#######.##.#####.
#.
#.#.♣≈♣h.i@................
#.#..................######
####################


You could see a spriggan rider and a polar bear.

Vanquished Creatures
  The ghost of Amen the Thaumaturge, a journeyman GnWz of Ashenzari (D:10)
  2 two-headed ogres
  Pikel (D:5)
  An orc knight (D:9)
  A centaur zombie (D:10)
  A troll (D:10)
  A hippogriff (D:7)
  Sigmund (D:4)
  3 spriggans
  7 yaks
  A hungry ghost (D:8)
  A water moccasin (D:10)
  4 porcupines (D:8)
  5 orc warriors
  An ice beast (D:7)
  2 black bears
  2 sky beasts
  3 ogres
  4 centaurs
  A big kobold (D:8)
  5 bullfrogs
  A wyvern zombie (D:7)
  2 scorpions (D:7)
  5 wights (D:8)
  3 howler monkeys
  A bullfrog zombie (D:7)
  3 crimson imps
  A quasit (D:7)
  2 centaur skeletons
  7 hounds
  4 orc priests
  2 jellies
  Ijyb (D:5)
  2 iguanas
  3 orc wizards
  2 worker ants
  2 hound zombies
  7 gnolls (D:6)
  A howler monkey skeleton (D:7)
  11 adders
  3 shadow imps
  2 adder skeletons
  3 dart slugs
  6 leopard geckos
  44 orcs
  A ball python (D:3)
  4 giant cockroaches
  4 goblins
  4 hobgoblins
  8 jackals
  5 quokkas
  2 bats
  2 frilled lizards (D:3)
  6 kobolds
  A leopard gecko zombie (D:7)
  A quokka skeleton (D:8)
  5 rats
  A bush (D:3)
  4 fungi (D:8)
  4 plants
218 creatures vanquished.

Vanquished Creatures (others)
  Eustachio (D:5)
  19 fungi
  8 plants
28 creatures vanquished.

Grand Total: 246 creatures vanquished

Notes
Turn   | Place    | Note
-------+----------+-------------------------------------------
     0 | D:1      | Mattoad the Hill Orc Fighter began the quest for the Orb.
     0 | D:1      | Reached XP level 1. HP: 19/19 MP: 1/1
   362 | D:1      | Reached XP level 2. HP: 20/27 MP: 2/2
   652 | D:1      | Reached skill level 3 in Axes
   919 | D:2      | Reached XP level 3. HP: 27/33 MP: 3/3
  1160 | D:2      | You fall into a shaft and drop 2 floors!
  1384 | D:3      | Reached XP level 4. HP: 25/40 MP: 4/4
  2096 | D:3      | Reached skill level 4 in Axes
  2096 | D:3      | Reached XP level 5. HP: 42/46 MP: 5/5
  2457 | D:3      | Noticed an ogre
  2469 | D:3      | Killed an ogre
  2469 | D:3      | Reached skill level 5 in Axes
  2736 | D:4      | Noticed an ogre
  2752 | D:4      | Killed an ogre
  2752 | D:4      | Reached XP level 6. HP: 26/53 MP: 6/6
  3086 | D:4      | Reached skill level 6 in Axes
  3346 | D:4      | Noticed Sigmund
  3358 | D:4      | Killed Sigmund
  3358 | D:4      | Reached XP level 7. HP: 44/60 MP: 7/7
  3469 | D:5      | Entered Level 5 of the Dungeon
  3528 | D:5      | Found a staircase to the Ecumenical Temple.
  3555 | D:5      | Reached skill level 7 in Axes
  3555 | D:5      | Reached skill level 5 in Armour
  3559 | D:5      | Found an ancient bone altar of Kikubaaqudgha.
  3630 | D:5      | Found an ancient bone altar of Kikubaaqudgha.
  3708 | D:5      | Got a warped ivory ring
  3727 | D:5      | Noticed Eustachio
  4089 | D:5      | Noticed Ijyb
  4100 | D:5      | Reached skill level 5 in Shields
  4115 | D:5      | Killed Ijyb
  4115 | D:5      | Reached skill level 5 in Fighting
  4392 | D:5      | Noticed Pikel
  4407 | D:5      | Killed Pikel
  4407 | D:5      | Reached skill level 8 in Axes
  4407 | D:5      | Reached XP level 8. HP: 51/70 MP: 8/8
  4454 | D:5      | Reached skill level 9 in Axes
  4840 | D:5      | Killed Eustachio
  5166 | D:6      | Reached XP level 9. HP: 59/75 MP: 9/9
  5362 | D:6      | Reached skill level 10 in Axes
  5570 | D:6      | Found Doiw's Assorted Antiques.
  5612 | D:6      | Bought a scroll of identify for 58 gold pieces
  5612 | D:6      | Bought a scroll of identify for 58 gold pieces
  5612 | D:6      | Identified the ring of Kuenucro {+Blink rF+ rN+ Int+4
                  | Stlth-} (You found it on level 5 of the Dungeon)
  5627 | D:6      | Found a basalt altar of Yredelemnul.
  6042 | Temple   | Entered the Ecumenical Temple
  6238 | Temple   | Became a worshipper of Trog the Wrathful
  6989 | D:7      | Reached skill level 11 in Axes
  7407 | D:7      | Found Zigymoq's Antique Weapon Shop.
  8245 | D:7      | Found a sacrificial altar of Ru.
  8266 | D:7      | Found an ornate altar of the Wu Jian Council.
  8694 | D:8      | Reached skill level 1 in Evocations
  8694 | D:8      | Reached XP level 10. HP: 83/86 MP: 10/10
  8695 | D:8      | Reached * piety under Trog
  8716 | D:8      | HP: 1/86 [porcupine's spines (11)]
  9077 | D:8      | Found a staircase to the Lair.
  9187 | D:8      | Reached skill level 12 in Axes
  9205 | D:8      | Noticed a two-headed ogre
  9221 | D:8      | Killed a two-headed ogre
 10238 | D:8      | Found a hide-covered altar of Uskayaw.
 10238 | D:8      | Found a shadowy altar of Dithmenos.
 10246 | D:8      | Identified a scroll of acquirement
 10315 | D:8      | Found a white marble altar of Elyvilon.
 10318 | D:8      | Found a hazy altar of Hepliaklqana.
 10449 | D:9      | Noticed a two-headed ogre
 10456 | D:9      | Killed a two-headed ogre
 10516 | D:9      | Reached skill level 13 in Axes
 10676 | D:9      | Reached ** piety under Trog
 11308 | D:10     | Entered Level 10 of the Dungeon
 11310 | D:10     | Found a runed translucent door.
 11313 | D:10     | Noticed Amen's ghost (journeyman GnWz)
 11315 | D:10     | Identified the +9 trident of Qepn {antimagic, rC+}
 11317 | D:10     | Noticed a spriggan rider
 11852 | D:10     | Reached XP level 11. HP: 66/95 MP: 6/11
 11881 | D:10     | Found a roughly hewn altar of Beogh.
 11881 | D:10     | Found a staircase to the Orcish Mines.
 11882 | D:10     | Noticed an orc knight
 12067 | D:9      | Killed an orc knight
 12434 | D:10     | Reached skill level 14 in Axes
 12503 | D:10     | Killed Amen's ghost
 12672 | D:10     | Slain by a spriggan rider

Skill      XL: |  1  2  3  4  5  6  7  8  9 10 11 |
---------------+----------------------------------+-----
Fighting       | 4 5 6 7 8 9 |  9.6
Axes           | 3 4 5 6 8 9 11 13 14 | 14.5
Shields        | 4 5 6 7 9 |  9.2
Armour         | 4 5 6 7 8 9 |  9.3
Evocations     | 1 |  1.0
Dodging        | |  0.3

Action                   |  1- 3 |  4- 6 |  7- 9 | 10-12 || total
-------------------------+-------+-------+-------+-------++-------
Melee: War axe           |    96 |   227 |   334 |   144 ||   801
       Broad axe         |       |       |       |   192 ||   192
Invok: Berserk           |       |       |       |     5 ||     5
       Trog's Hand       |       |       |       |     5 ||     5
 Abil: Evoke Blink       |       |       |     2 |       ||     2
Evoke: Wand              |       |       |     5 |     7 ||    12
  Use: Scroll            |       |       |    16 |     8 ||    24
       Potion            |       |       |     5 |     4 ||     9
  Eat: Chunk             |     2 |     3 |     5 |     8 ||    18
       Ration            |       |     2 |     3 |     5 ||    10
Armor: Scale mail        |    46 |    43 |   166 |    74 ||   329
       Troll leather arm |       |       |       |    32 ||    32
       Skin              |       |       |       |    14 ||    14
Dodge: Dodged            |    33 |    37 |   122 |   123 ||   315
Block: Shield            |    73 |    80 |   254 |    69 ||   476
       Buckler           |       |       |       |    41 ||    41
